 Dungeon Crawl Stone Soup version 0.28.0-53-g5a82cb258f (webtiles) character file.

Game seed: 12691865703093740498

61 ILmort the Chopper (level 4, -10/41 HPs)
             Began as a Hill Orc Monk on Aug 22, 2022.
             Killed from afar by Ijyb (13 damage)
             ... with a puff of flame
             ... on level 3 of the Dungeon.
             The game lasted 00:06:10 (2142 turns).

ILmort the Chopper (Hill Orc Monk)                  Turns: 2142, Time: 00:06:11

Health: -10/41     AC:  3    Str: 15    XL:     4   Next: 7%
Magic:  4/4        EV: 16    Int: 13    God:
Gold:   91         SH:  0    Dex: 13    Spells: 3/3 levels left

rFire   . . .      SeeInvis .   b - +4 mace of Extermination {holy, rN++ Int+3}
rCold   . . .      Faith    .   (no shield)
rNeg    + + .      Spirit   .   i - +0 robe
rPois   .          Reflect  .   e - +0 helmet
rElec   .          Harm     .   (no cloak)
rCorr   .          Rampage  .   (no gloves)
Will    .....                   (no boots)
Stlth   ++........              (no amulet)
HPRegen 0.13/turn               l - +4 ring of evasion
MPRegen 0.09/turn               (no ring)

@: no status effects
A: no striking features
a: no special abilities


You were on level 3 of the Dungeon.
You visited 1 branch of the dungeon, and saw 3 of its levels.

You collected 91 gold pieces.

Inventory:

Hand Weapons
 a - a +1 hand axe
 b - the +4 mace of Extermination (weapon) {holy, rN++ Int+3}
   (You found it on level 2 of the Dungeon)

   It has been blessed by the Shining One to cause great damage to the undead
   and demons.
   Int:       It affects your intelligence (+3).
   rN:        It greatly protects you from negative energy.
Armour
 e - a +0 helmet (worn)
 i - a +0 robe (worn)
 m - a +0 buckler
 o - a +0 cloak
Jewellery
 l - a +4 ring of evasion (left hand)
Scrolls
 f - 5 scrolls of identify {unknown}
Potions
 c - a potion of heal wounds {unknown}
 d - 2 potions of brilliance {unknown}
 g - a potion of magic {unknown}
 k - a potion of degeneration {unknown}


   Skills:
 + Level 4.4 Fighting
 * Level 5.7 Axes
 - Level 2.4 Dodging
 - Level 1.6 Stealth


You had 3 spell levels left.
You didn't know any spells.
Your spell library contained the following spells:

 Spells                   Type           Power      Damage    Failure   Level
 Magic Dart               Conj           0%         1d3       30%         1
 Call Imp                 Summ           0%         N/A       43%         2
 Mephitic Cloud           Conj/Pois/Air  0%         N/A       67%         3


Dungeon Overview and Level Annotations

Branches:
Dungeon (3/15)

Altars:

Annotations:
D:3 Ijyb


Message History

You kill the rat!
You now have 91 gold pieces (gained 6).
As you open the door, it creaks loudly!
Found 13 stones.
There is an open door here.
Found a stone staircase leading down.
f - 5 scrolls labelled MYL QIRALEL (gained 1) Ijyb the Twisted Goblin comes into view.
She is wielding a +0 dagger and carrying a wand of flame (19).
You feel clever.
The +4 mace of Extermination {holy, rN++ Int+3} softly glows with a divine radiance!
b - the +4 mace of Extermination (weapon)
{holy, rN++ Int+3} Ijyb shouts!
Ijyb screams, "Get away!"
Ijyb grins evilly.
You miss Ijyb. Ijyb closely misses you.
You closely miss Ijyb. Ijyb misses you.
You closely miss Ijyb. Ijyb hits you with a +0 dagger. Ijyb barely misses you.
You hit Ijyb but do no damage.
Ijyb zaps a wand.
The puff of flame hits you!
You closely miss Ijyb. Ijyb hits you with a +0 dagger.
You hit Ijyb but do no damage. Ijyb misses you.
You thump Ijyb! Ijyb hits you with a +0 dagger.
Ijyb zaps a wand.
The puff of flame hits you!
* * * LOW HITPOINT WARNING * * *
You hit Ijyb.
Ijyb screams, "You nasty!
Big nasty!"
Ijyb hits you but does no damage.
You hit Ijyb. Ijyb hits you with a +0 dagger.
* * * LOW HITPOINT WARNING * * *
Okay, then.
As you read the scroll labelled YZILAYSMOMN, it crumbles to dust.
It is a scroll of enchant weapon.
Your +0 hand axe glows red for a moment.
Ijyb misses you.
As you read the scroll labelled UTHUW YNUURI, it crumbles to dust.
The creatures around you are filled with an inner flame!
It was a scroll of immolation.
Ijyb barely misses you.
As you read the scroll labelled HAYT HIUDERA, it crumbles to dust.
You hear a loud clanging noise!
It was a scroll of noise.
Ijyb zaps a wand.
The puff of flame hits you!
You die...

#....# #....# #..g.# #....#
#....# #.!..# #....# . $
#....######.... ..
###....g@........ ...
#.......#####.... ....
#.......# # .#...#.......#
#########
.....^..##...########.......#
....(...####.........<......#
....##.#...'........).......#
.#.......###................#
#>###...# #................#


You could see Ijyb (inner flame).

Vanquished Creatures
  2 adders (D:2)
  A worm (D:2)
  4 orcs
  3 bats
  3 endoplasms (D:2)
  4 giant cockroaches
  4 goblins
  4 hobgoblins
  3 kobolds
  A ball python (D:1)
  3 rats
32 creatures vanquished.

Notes
Turn   | Place    | Note
-------+----------+-------------------------------------------
     0 | D:1      | ILmort the Hill Orc Monk began the quest for the Orb.
     0 | D:1      | Reached XP level 1. HP: 19/19 MP: 1/1
   130 | D:1      | Found a faded altar of an unknown god.
   288 | D:1      | Reached XP level 2. HP: 26/27 MP: 2/2
   761 | D:2      | Reached skill level 5 in Axes
   761 | D:2      | Reached XP level 3. HP: 4/33 MP: 3/3
  1082 | D:2      | Identified the +4 mace of Extermination {holy, rN++ Int+3}
  1976 | D:2      | Reached XP level 4. HP: 36/41 MP: 4/4
  2119 | D:3      | Noticed Ijyb
  2142 | D:3      | Killed from afar by Ijyb

Illustrated notes

Levels and vault maps discovered:
D:1:      psy_arrival_whirlpool, layout_rooms, shapermc_ecumenical_altar_ellora,
          amcnicky_mini_rare_corridor_liquid, grunt_decor_one_mirror,
          minmay_worlds_worst_comb
D:2:      layout_loops_ring, kennysheep_generic_room_3
D:3:      cheibrodos_thug_alley, layout_basic, serial_bayou_pond_e, uniq_ijyb,
          uniq_sigmund

Skill      XL: |  1  2 |
---------------+-------+-----
Fighting       | 4 |  4.4
Axes           | 5 |  5.7
Dodging        | |  2.4
Stealth        | |  1.6

Action                   |  1- 3 |  4- 6 || total
-------------------------+-------+-------++-------
Melee: Hand axe          |    75 |     9 ||    84
       Mace              |    12 |     9 ||    21
       Punch             |     2 |       ||     2
  Use: Scroll            |       |     3 ||     3
 Stab: Sleeping          |     6 |       ||     6
       Distracted        |       |     1 ||     1
Armor: Robe              |    15 |     1 ||    16
Dodge: Dodged            |    71 |    11 ||    82
